AoeStats
← Lord Housed von Idleton

Arena

510134301Analyzed
3v3 RM · 2d ago on Sep 29, 2026· 61m 9s· 6 players
Game mode
Random Map
Map size
Normal (6 player)
Population
200
Speed
Normal
Resources
Standard
Victory
Conquest
Starting age
Dark Age
Ending age
Imperial Age
RankedLock teamsTeams togetherTeam positionsShared explorationLock speedFull tech treeHidden civsTurbo modeCheats
Victory
Defeat
🇩🇪 Hindustanis · Germany
1089
+11
🇩🇪 Teutons · Germany
1054
+12
🇩🇪 Japanese · Germany
910
+19
🇸🇰 Franks · Slovakia
971
-14
🇸🇰 Lithuanians · Slovakia
965
-14
🇳🇱 Chinese · Netherlands
962
-14
Anaiah
2:30 Loom
11:41 Feudal Age
17:26 Castle Age
16:13 Double-Bit Axe
16:11 Horse Collar
18:22 Bloodlines
18:28 Bow Saw
27:16 Pikeman
34:27 Imperial Age
32:49 Husbandry
34:33 Wheelbarrow
34:00 Gold Mining
34:15 Heavy Plow
34:12 Town Watch
34:50 Forging
34:46 Scale Barding Armor
36:55 Hand Cart
37:35 Fortified Wall
40:36 Chemistry
39:33 Fletching
39:45 Padded Archer Armor
40:07 Ballistics
41:42 Thumb Ring
42:13 Conscription
44:48 Bodkin Arrow
48:33 Light Cavalry
49:58 Crop Rotation
53:42 Two-Man Saw
53:14 Crop Rotation
55:12 Caravan
58:26 Guilds
MonsieurDean
0:40 Loom
11:18 Feudal Age
12:05 Horse Collar
17:46 Castle Age
17:42 Double-Bit Axe
21:23 Heavy Plow
26:14 Fletching
28:40 Bodkin Arrow
32:40 Imperial Age
32:41 Caravan
34:27 Chemistry
34:25 Wheelbarrow
34:09 Bow Saw
34:06 Bracer
34:07 Padded Archer Armor
35:07 Thumb Ring
35:41 Ballistics
35:17 Murder Holes
35:35 Heavy Rocket Cart
36:10 Elite Chu Ko Nu
36:14 Elite Skirmisher
38:16 Hand Cart
38:21 Leather Archer Armor
40:27 Pikeman
42:47 Rocketry
43:18 Ring Archer Armor
42:11 Halberdier
45:38 Squires
45:40 Scale Mail Armor
45:51 Forging
52:31 Caravan
teatrex
4:06 Loom
11:57 Feudal Age
13:17 Wheelbarrow
16:20 Castle Age
14:49 Double-Bit Axe
15:48 Gold Mining
18:18 Bow Saw
23:26 Hand Cart
29:04 Imperial Age
28:41 Gold Shaft Mining
27:57 Stone Mining
28:26 Caravan
31:01 Scale Barding Armor
31:07 Forging
32:27 Chivalry
33:15 Chain Barding Armor
33:31 Iron Casting
34:20 Conscription
33:29 Ordonnance Companies
35:06 Plate Barding Armor
34:59 Husbandry
34:21 Cavalier
36:21 Blast Furnace
34:58 Elite Throwing Axeman
35:45 Scale Mail Armor
35:08 Paladin
37:52 Siege Engineers
39:02 Man-at-Arms
39:06 Pikeman
39:47 Squires
39:32 Arson
43:23 Halberdier
45:45 Chain Mail Armor
50:47 Plate Mail Armor
Lord Housed von Idleton
11:05 Feudal Age
15:11 Castle Age
13:24 Double-Bit Axe
16:49 Wheelbarrow
20:25 Loom
24:20 Bow Saw
25:51 Hand Cart
31:56 Imperial Age
33:10 Scale Barding Armor
33:16 Forging
33:06 Scale Mail Armor
32:50 Pikeman
34:10 Horse Collar
35:37 Two-Man Saw
34:09 Halberdier
34:37 Gambesons
35:31 Iron Casting
35:18 Chain Barding Armor
34:26 Cavalier
35:18 Bloodlines
35:07 Gold Mining
35:29 Squires
35:43 Fletching
36:43 Stone Mining
37:45 Crenellations
38:57 Ballistics
38:43 Siege Engineers
38:43 Paladin
49:49 Stone Shaft Mining
51:54 Plate Barding Armor
52:20 Blast Furnace
51:17 Bodkin Arrow
51:38 Chain Mail Armor
54:18 Caravan
54:29 Guilds
54:49 Coinage
subaktiv
10:34 Feudal Age
12:31 Horse Collar
14:52 Castle Age
13:21 Double-Bit Axe
15:58 Bow Saw
16:02 Heavy Plow
21:58 Wheelbarrow
27:48 Imperial Age
25:21 Gold Mining
25:26 Stone Mining
26:14 Forging
26:09 Scale Barding Armor
26:40 Husbandry
27:26 Hand Cart
26:58 Loom
26:58 Town Watch
28:21 Chain Barding Armor
28:39 Iron Casting
27:55 Fletching
28:05 Padded Archer Armor
28:38 Bloodlines
29:40 Chemistry
29:02 Ballistics
28:28 Light Cavalry
29:34 Conscription
29:34 Scale Mail Armor
29:55 Town Patrol
30:39 Stone Shaft Mining
30:40 Gold Shaft Mining
31:32 Blast Furnace
30:36 Padded Archer Armor
31:03 Bodkin Arrow
30:31 Elite Skirmisher
31:58 Plate Barding Armor
31:52 Chain Mail Armor
32:42 Two-Man Saw
32:13 Bracer
32:34 Masonry
31:56 Heavy Camel Rider
32:24 Elite Ghulam
33:26 Grand Trunk Road
33:46 Shatagni
34:16 Thumb Ring
34:43 Imperial Camel Rider
35:34 Hussar
35:45 Onager
37:36 Leather Archer Armor
buschdl
11:30 Feudal Age
9:45 Loom
16:23 Castle Age
15:54 Double-Bit Axe
15:51 Horse Collar
17:09 Wheelbarrow
16:41 Town Watch
17:36 Heavy Plow
18:40 Sanctity
19:46 Bow Saw
19:47 Pikeman
29:04 Stone Mining
29:04 Gold Mining
32:31 Imperial Age
30:53 Forging
31:28 Ballistics
31:42 Ballistics
31:35 Crossbowman
33:03 Fervor
34:55 Chemistry
34:45 Hand Cart
36:17 Redemption
35:44 Elite Skirmisher
36:39 Scale Mail Armor
37:15 Iron Casting
38:27 Kataparuto
39:31 Padded Archer Armor
39:22 Fletching
40:04 Halberdier
43:36 Bodkin Arrow
43:57 Leather Archer Armor
44:41 Thumb Ring
45:01 Parthian Tactics
51:12 Bloodlines
51:04 Husbandry
53:35 Blast Furnace
52:50 Chain Mail Armor
56:04 Light Cavalry
58:40 Plate Mail Armor
61:21 Town Patrol
62:37 Two-Man Saw
Connection lost

Rejoining the realm…

Still unreachable

The connection could not be restored.

Session expired

The server has moved on; the page needs a fresh start.